[Event "42nd Olympiad Baku 2016 Open"]
[Site "Baku"]
[Date "2016.09.02"]
[Round "1.13"]
[White "Seijp V/d, Quintin"]
[Black "Greet, Andrew N"]
[Result "0-1"]
[ECO "E39"]
[WhiteElo "1924"]
[BlackElo "2455"]
[PlyCount "88"]
[EventDate "2016.??.??"]
[EventCountry "AZE"]
[WhiteTeam "ARU"]
[BlackTeam "Schottland"]
[BlackTeamCountry "SCO"]
[TimeControl "40/5400+30:1800+30"]
[WhiteClock "0:29:44"]
[BlackClock "0:41:06"]

1. d4 {(00:00} Nf6 {(00:00} 2. c4 {(00:00} e6 {(
00:00} 3. Nc3 {(00:00} Bb4 {(00:15} 4. Qc2 {(00:43} c5
{(00:53} 5. dxc5 {(01:20} O-O {(00:41} 6. Nf3 {(
00:56} Na6 {(00:34} 7. e3 {(03:07} Nxc5 {(00:35} 8.
Bd2 {(01:40} b6 {(01:58} 9. Be2 {(13:24} Bb7 {(
08:30} 10. O-O {(03:04} Nfe4 {(09:35} 11. Ne1 {(06:53}
Nxd2 {(00:46} 12. Qxd2 {(02:02} Ne4 {(02:46} 13. Qc2 {
(01:33} Nxc3 {(02:48} 14. bxc3 {(00:08} Be7 {(
00:28} 15. Bf3 {(04:29} Qc7 {(00:39} 16. Rd1 {(17:25}
d6 {(05:29} 17. Bxb7 {(07:43} Qxb7 {(00:11} 18. Qb3 {
(00:38} Rfc8 {(04:02} 19. Nc2 {(03:28} Rc5 {(04:
59} 20. Rd2 {(06:52} Rac8 {(02:38} 21. Na3 {(03:01} h5
{(07:35} 22. Qc2 {(09:12} d5 {(04:23} 23. Rfd1 {
(05:07} Qa6 {(07:48} 24. Qb2 {(03:28} Ra5 {(02:
21} 25. Nb5 {(02:06} Rxc4 {(00:19} 26. Nd4 {(00:16}
Qc8 {(01:30} 27. Ne2 {(00:40} Bf6 {(00:46} 28. Rc2 {
(00:56} Rac5 {(00:35} 29. Rdc1 {(00:25} h4 {(02:
19} 30. h3 {(00:45} Qc7 {(00:52} 31. Nd4 {(01:21} Qd7
{(05:14} 32. Rd1 {(01:05} Qa4 {(03:45} 33. Rdc1 {
(00:30} Rc8 {(03:19} 34. Qb5 {(00:59} Rxd4 {(01:
34} 35. cxd4 {(00:47} Qxb5 {(00:23} 36. Rxc8+ {(00:01}
Kh7 {(00:09} 37. R8c7 {(00:31} Qb2 {(01:00} 38. R7c2 {
(00:43} Qa3 {(00:16} 39. Rc7 {(00:21} Kg6 {(00:
37} 40. R1c2 {(00:00} Qa4 {(00:00} 41. Rc1 {(00:54}
Qxa2 {(04:50} 42. Rb7 {(01:28} Qb2 {(01:29} 43. Rcc7 {
(00:33} e5 {(01:37} 44. dxe5 {(01:42} Qb1+ {(00:
26} 0-1

[Event "42nd Olympiad Baku 2016 Open"]
[Site "Baku"]
[Date "2016.09.02"]
[Round "1.20"]
[White "Semedo, Adelino"]
[Black "Hamblok, Roel"]
[Result "0-1"]
[ECO "A46"]
[WhiteElo "1671"]
[BlackElo "2282"]
[PlyCount "58"]
[EventDate "2016.??.??"]
[EventCountry "AZE"]
[WhiteTeam "STP"]
[BlackTeam "Belgien"]
[BlackTeamCountry "BEL"]
[TimeControl "40/5400+30:1800+30"]
[WhiteClock "0:01:11"]
[BlackClock "0:19:24"]

1. d4 {(00:04} Nf6 {(00:05} 2. Nf3 {(01:14} e6 {
(00:24} 3. Bf4 {(02:48} c5 {(00:12} 4. c3 {(02:
57} Nc6 {(00:45} 5. e3 {(01:51} d5 {(00:19} 6. Be2 {
(05:47} Bd6 {(01:59} 7. Bg3 {(04:44} O-O {(00:
25} 8. Nbd2 {(01:36} b6 {(00:46} 9. Qa4 {(04:30} Bb7 {
(02:59} 10. dxc5 {(08:46} Bxc5 {(13:18} 11. h4 {
(10:17} a6 {(06:00} 12. h5 {(02:01} b5 {(09:54}
13. Qh4 {(01:55} Be7 {(02:52} 14. Qh3 {(01:22} b4 {
(05:38} 15. h6 {(04:39} g6 {(01:28} 16. Rc1 {(
06:29} Qa5 {(02:56} 17. cxb4 {(04:24} Qxa2 {(01:31}
18. O-O {(04:44} Rfc8 {(03:04} 19. Bd3 {(06:37} Nd7 {
(05:25} 20. b5 {(05:55} axb5 {(01:46} 21. Nh4 {(
04:16} Nf8 {(02:28} 22. Nxg6 {(07:43} hxg6 {(03:23}
23. h7+ {(01:09} Kh8 {(02:05} 24. f4 {(04:02} Qxb2 {
(01:20} 25. f5 {(00:16} exf5 {(01:19} 26. Bxf5 {
(00:52} gxf5 {(07:05} 27. Qxf5 {(00:27} Qg7 {(
04:02} 28. Bh2 {(01:48} Nxh7 {(00:36} 29. Qxd5 {(00:06]
} Nd8 {(01:02} 0-1

[Event "42nd Olympiad Baku 2016 Open"]
[Site "Baku"]
[Date "2016.09.02"]
[Round "1.7"]
[White "Shankland, Samuel L"]
[Black "Fernandez Lopez, Joan"]
[Result "1-0"]
[ECO "B38"]
[WhiteElo "2679"]
[BlackElo "2142"]
[PlyCount "37"]
[EventDate "2016.??.??"]
[EventCountry "AZE"]
[WhiteTeam "Vereinigte Staaten"]
[BlackTeam "Andorra"]
[WhiteTeamCountry "USA"]
[BlackTeamCountry "AND"]
[TimeControl "40/5400+30:1800+30"]
[WhiteClock "1:16:02"]
[BlackClock "0:27:41"]

1. e4 {(00:00} c5 {(00:00} 2. Nf3 {(00:00} Nc6 {
(00:09} 3. d4 {(00:00} cxd4 {(00:35} 4. Nxd4 {(
00:00} g6 {(00:48} 5. c4 {(00:04} Bg7 {(00:59} 6. Be3
{(00:08} Nf6 {(00:42} 7. Nc3 {(00:06} d6 {(01:
15} 8. Be2 {(00:06} Nxd4 {(01:42} 9. Bxd4 {(00:06} O-O
{(00:28} 10. O-O {(00:07} a5 {(02:56} 11. b3 {(
09:19} Bd7 {(03:15} 12. Qd3 {(00:09} Bc6 {(06:44} 13.
a3 {(00:45} Nd7 {(06:50} 14. Bxg7 {(00:10} Kxg7 {
(00:10} 15. b4 {(00:07} Qb6 {(07:57} 16. c5 {(
05:35} Qc7 {(20:44} 17. cxd6 {(00:37} exd6 {(12:51}
18. Qd4+ {(05:56} Nf6 {(03:14} 19. b5 {(00:13} 1-0

[Event "42nd Olympiad Baku 2016 Open"]
[Site "Baku"]
[Date "2016.09.02"]
[Round "1.20"]
[White "Skoberne, Jure"]
[Black "Al Sori, Mohamed"]
[Result "1-0"]
[ECO "A18"]
[WhiteElo "2562"]
[BlackElo "2036"]
[PlyCount "43"]
[EventDate "2016.??.??"]
[EventCountry "AZE"]
[WhiteTeam "Slowenien"]
[BlackTeam "Libyen"]
[WhiteTeamCountry "SLO"]
[BlackTeamCountry "LBY"]
[TimeControl "40/5400+30:1800+30"]
[WhiteClock "0:05:31"]
[BlackClock "0:11:21"]

1. c4 {(00:00} Nf6 {(00:00} 2. Nc3 {(00:18} e6 {
(01:38} 3. e4 {(00:07} d5 {(04:19} 4. e5 {(04:
17} Ne4 {(03:22} 5. Nf3 {(04:41} Nxc3 {(05:21} 6. dxc3
{(05:41} Be7 {(05:51} 7. Qc2 {(05:21} c5 {(05:
15} 8. Bd3 {(17:17} dxc4 {(10:06} 9. Bxc4 {(20:57} Bd7
{(10:52} 10. Qe4 {(06:06} Bc6 {(04:18} 11. Qg4 {
(00:20} Bxf3 {(01:57} 12. Qxf3 {(09:27} Nc6 {(
03:54} 13. Qg3 {(04:42} g6 {(05:08} 14. Bh6 {(00:59}
Bf8 {(07:27} 15. Rd1 {(04:44} Qc7 {(06:43} 16. Bxf8 {
(01:11} Kxf8 {(01:07} 17. Rd6 {(00:18} Rd8 {(05:
53} 18. O-O {(03:38} Kg7 {(00:55} 19. Rfd1 {(00:35}
Qe7 {(01:46} 20. Bb5 {(02:25} Nb8 {(01:41} 21. Qf3 {
(02:07} h5 {(01:36} 22. Qf6+ {(00:18} 1-0

[Event "42nd Olympiad Baku 2016 Open"]
[Site "Baku"]
[Date "2016.09.02"]
[Round "1.3"]
[White "Smith, Axel"]
[Black "Niraula, Bhupendra"]
[Result "1-0"]
[ECO "A43"]
[WhiteElo "2516"]
[BlackElo "2071"]
[PlyCount "69"]
[EventDate "2016.??.??"]
[EventCountry "AZE"]
[WhiteTeam "Schweden"]
[BlackTeam "Nepal"]
[WhiteTeamCountry "SWE"]
[BlackTeamCountry "NEP"]
[TimeControl "40/5400+30:1800+30"]
[WhiteClock "0:26:59"]
[BlackClock "0:18:47"]

1. d4 {(00:00} Nf6 {(00:00} 2. Nf3 {(00:00} c5 {
(00:00} 3. d5 {(00:00} b5 {(00:18} 4. Bg5 {(00:
00} Qb6 {(00:21} 5. Bxf6 {(01:14} exf6 {(00:47} 6. e4
{(04:52} d6 {(02:29} 7. Nbd2 {(02:29} Be7 {(09:
23} 8. a4 {(01:23} Bd7 {(04:33} 9. axb5 {(06:08} Bxb5
{(00:53} 10. Bc4 {(03:27} Bxc4 {(03:58} 11. Nxc4 {
(00:07} Qb4+ {(02:51} 12. Nfd2 {(00:37} a5 {(03:
21} 13. c3 {(04:36} Qb7 {(02:27} 14. Qb3 {(02:19} Qc7
{(05:51} 15. Rxa5 {(13:45} Rxa5 {(00:43} 16. Nxa5 {
(00:03} Qxa5 {(02:38} 17. Qxb8+ {(00:06} Qd8 {(
02:49} 18. Qxd8+ {(00:06} Bxd8 {(01:50} 19. Ke2 {(00:
09} Kd7 {(00:44} 20. Nc4 {(06:29} Bc7 {(01:02} 21. Ra1
{(00:28} Rb8 {(00:54} 22. Kd3 {(00:41} h5 {(05:
28} 23. Ra4 {(01:36} Rb7 {(02:53} 24. Ra8 {(01:38} Ke7
{(00:54} 25. f4 {(04:56} g6 {(07:58} 26. g3 {(
00:13} Bd8 {(08:26} 27. Kc2 {(14:10} Bc7 {(01:04} 28.
f5 {(04:49} Rb8 {(05:40} 29. Rxb8 {(01:41} Bxb8 {
(00:06} 30. Kb3 {(00:42} g5 {(01:32} 31. h3 {(
00:52} Bc7 {(04:03} 32. Ka4 {(00:10} Kd7 {(00:21} 33.
Kb5 {(00:04} Bd8 {(00:25} 34. Ka6 {(00:36} Kc7 {
(01:31} 35. Ka7 {(00:05} 1-0

[Event "42nd Olympiad Baku 2016 Open"]
[Site "Baku"]
[Date "2016.09.02"]
[Round "1.16"]
[White "Smith, Shreyas"]
[Black "Pichot, Alan"]
[Result "0-1"]
[ECO "B31"]
[WhiteElo "2146"]
[BlackElo "2536"]
[PlyCount "74"]
[EventDate "2016.??.??"]
[EventCountry "AZE"]
[WhiteTeam "Jamaika"]
[BlackTeam "Argentinien"]
[WhiteTeamCountry "JAM"]
[BlackTeamCountry "ARG"]
[TimeControl "40/5400+30:1800+30"]
[WhiteClock "0:00:58"]
[BlackClock "0:23:06"]

1. e4 {(00:00} c5 {(00:00} 2. Nf3 {(00:00} Nc6 {
(00:09} 3. Bb5 {(00:00} g6 {(01:09} 4. Bxc6 {(
00:29} bxc6 {(00:53} 5. O-O {(00:18} Bg7 {(00:27} 6.
Re1 {(00:12} Nf6 {(02:07} 7. e5 {(00:56} Nd5 {(
00:13} 8. c4 {(00:12} Nb6 {(03:28} 9. b3 {(03:43} O-O
{(03:46} 10. d4 {(08:17} cxd4 {(03:08} 11. Qxd4 {
(00:09} d6 {(02:18} 12. Bb2 {(07:08} dxe5 {(09:
13} 13. Qxd8 {(07:07} Rxd8 {(00:06} 14. Bxe5 {(00:19}
f6 {(01:11} 15. Bb2 {(05:55} e5 {(02:38} 16. h3 {
(02:57} Rb8 {(08:05} 17. Re2 {(20:39} Bf5 {(11:
25} 18. Nc3 {(00:37} Bd3 {(08:40} 19. Ree1 {(10:39}
Nxc4 {(01:05} 20. Ba3 {(00:24} Nb6 {(06:52} 21. Rac1 {
(11:29} Nd5 {(09:29} 22. Nxd5 {(00:31} cxd5 {(
00:06} 23. Rc7 {(00:16} Rdc8 {(01:26} 24. Rxa7 {(02:54]
} Ra8 {(00:15} 25. Bc5 {(00:10} Rxa7 {(00:16} 26. Bxa7
{(00:11} Ra8 {(00:06} 27. Be3 {(00:13} Bf8 {(00:
16} 28. Rc1 {(12:34} d4 {(02:47} 29. Bd2 {(04:05} Rxa2
{(00:07} 30. Rc8 {(00:10} Kf7 {(00:06} 31. Rc7+ {
(00:12} Ke6 {(00:06} 32. Rxh7 {(00:15} Be4 {(01:
46} 33. Bh6 {(02:50} Bxh6 {(00:34} 34. Rxh6 {(00:36}
d3 {(00:47} 35. Rh8 {(00:17} Bxf3 {(00:11} 36. gxf3 {
(00:27} Ra1+ {(00:07} 37. Kg2 {(00:21} d2 {(00:
06} 0-1

[Event "42nd Olympiad Baku 2016 Open"]
[Site "Baku"]
[Date "2016.09.02"]
[Round "1.12"]
[White "Sohib, Okla"]
[Black "Ibarra Jerez, Jose Carlos"]
[Result "0-1"]
[ECO "A46"]
[WhiteElo "2153"]
[BlackElo "2566"]
[PlyCount "52"]
[EventDate "2016.??.??"]
[EventCountry "AZE"]
[WhiteTeam "Syrien"]
[BlackTeam "Spanien"]
[WhiteTeamCountry "SYR"]
[BlackTeamCountry "ESP"]
[TimeControl "40/5400+30:1800+30"]
[WhiteClock "0:00:34"]
[BlackClock "0:13:12"]

1. d4 {(00:27} Nf6 {(00:12} 2. Nf3 {(00:12} d5 {
(00:39} 3. g3 {(01:02} e6 {(01:27} 4. Bg2 {(00:
39} b5 {(00:50} 5. O-O {(00:34} Nbd7 {(04:33} 6. Ne5 {
(05:30} Bb7 {(04:50} 7. a4 {(05:59} b4 {(04:05}
8. Bg5 {(08:26} Be7 {(08:14} 9. Nxd7 {(05:51} Qxd7 {
(01:54} 10. Nd2 {(03:53} c5 {(10:28} 11. dxc5 {(
10:00} h6 {(16:21} 12. Bxf6 {(04:11} Bxf6 {(00:17} 13.
Nc4 {(02:27} O-O {(04:16} 14. Ra2 {(27:33} Qc7 {
(07:30} 15. Nd6 {(15:34} Ba6 {(02:04} 16. Nb5 {(
00:22} Qxc5 {(02:46} 17. e4 {(00:29} dxe4 {(03:24} 18.
Qe2 {(01:36} Bb7 {(03:10} 19. c3 {(01:56} Bd5 {(
04:06} 20. Raa1 {(01:17} Bc4 {(04:42} 21. cxb4 {(00:02]
} Qxb5 {(00:24} 22. Qxe4 {(02:06} Qd5 {(02:05} 23. Qf4
{(00:51} Qd4 {(01:08} 24. Qxd4 {(00:15} Bxd4 {(
00:02} 25. Bxa8 {(00:44} Bxf1 {(00:11} 26. Kxf1 {(00:
30} Rxa8 {(00:10} 0-1

[Event "42nd Olympiad Baku 2016 Open"]
[Site "Baku"]
[Date "2016.09.02"]
[Round "1.5"]
[White "Solomon, Kenny"]
[Black "Mavuso, Lunga"]
[Result "1-0"]
[ECO "A81"]
[WhiteElo "2371"]
[BlackElo "1516"]
[PlyCount "65"]
[EventDate "2016.??.??"]
[EventCountry "AZE"]
[WhiteTeam "Südafrika"]
[BlackTeam "SWZ"]
[WhiteTeamCountry "RSA"]
[TimeControl "40/5400+30:1800+30"]
[WhiteClock "0:36:09"]
[BlackClock "0:01:27"]

1. d4 {(00:00} f5 {(00:00} 2. g3 {(00:20} Nf6 {(
00:15} 3. Bg2 {(00:10} e6 {(00:39} 4. Nf3 {(00:59} d5
{(02:04} 5. O-O {(01:36} Bd6 {(00:04} 6. c4 {(
01:00} c6 {(00:10} 7. Nbd2 {(00:13} O-O {(00:47} 8.
Ne5 {(05:12} Nbd7 {(06:06} 9. Ndf3 {(00:38} Ne4 {
(00:33} 10. Qc2 {(10:39} Ndf6 {(14:06} 11. Rb1 {
(04:44} Nh5 {(05:51} 12. b4 {(02:25} Bd7 {(10:
06} 13. c5 {(11:38} Bxe5 {(06:07} 14. Nxe5 {(01:07} a6
{(00:46} 15. f3 {(04:22} Nexg3 {(13:52} 16. hxg3 {
(00:15} Nxg3 {(00:04} 17. Rf2 {(00:39} Qe7 {(00:
08} 18. Bf4 {(05:01} Nh5 {(01:03} 19. Qd2 {(00:12} Be8
{(13:43} 20. Bg5 {(04:03} Nf6 {(01:49} 21. Bh3 {
(00:25} Qc7 {(07:41} 22. Rg2 {(00:44} Nh5 {(05:
14} 23. e4 {(02:13} g6 {(04:00} 24. exf5 {(02:47} exf5
{(00:46} 25. Re1 {(00:03} Ng7 {(03:25} 26. Nd3 {
(02:46} Rf7 {(00:44} 27. Bh4 {(01:19} Bd7 {(01:
18} 28. Ne5 {(00:27} Raf8 {(01:24} 29. Qh6 {(01:46}
Rf6 {(00:51} 30. Bxf6 {(00:38} Rxf6 {(00:01} 31. Nxd7 {
(00:14} Qxd7 {(00:06} 32. Rge2 {(01:06} Ne6 {(
00:50} 33. Bxf5 {(00:40} 1-0

[Event "42nd Olympiad Baku 2016 Open"]
[Site "Baku"]
[Date "2016.09.02"]
[Round "1.7"]
[White "Soriano, Rudolph P"]
[Black "Shanmugam, Ravindran"]
[Result "0-1"]
[ECO "A06"]
[WhiteElo "1787"]
[BlackElo "2345"]
[PlyCount "110"]
[EventDate "2016.??.??"]
[EventCountry "AZE"]
[WhiteTeam "GUM"]
[BlackTeam "Singapur"]
[BlackTeamCountry "SIN"]
[TimeControl "40/5400+30:1800+30"]
[WhiteClock "0:35:43"]
[BlackClock "0:54:54"]

1. Nf3 {(00:00} d5 {(00:00} 2. b3 {(00:12} Nf6 {
(00:00} 3. Bb2 {(00:23} g6 {(00:07} 4. d3 {(00:
51} Bg7 {(00:14} 5. g3 {(00:55} c5 {(00:33} 6. Nbd2 {
(04:18} O-O {(00:54} 7. Bg2 {(00:18} Nc6 {(00:
23} 8. O-O {(00:32} Re8 {(01:59} 9. Rb1 {(01:42} e5 {
(01:55} 10. e4 {(00:20} h6 {(02:20} 11. Re1 {(
00:20} Be6 {(00:33} 12. a3 {(00:40} dxe4 {(02:00} 13.
dxe4 {(01:01} Qd6 {(01:28} 14. Qe2 {(01:16} Nd4 {
(04:17} 15. Nxd4 {(05:14} cxd4 {(01:31} 16. Nc4 {
(03:23} Qc5 {(05:05} 17. a4 {(03:05} Bxc4 {(00:
35} 18. Qxc4 {(00:41} Qxc4 {(00:42} 19. bxc4 {(00:18}
Rac8 {(09:38} 20. Bf1 {(00:40} Nd7 {(01:06} 21. Ba3 {
(01:44} b6 {(00:55} 22. a5 {(03:20} Bf8 {(05:30]
} 23. Bxf8 {(04:08} Kxf8 {(00:33} 24. Bh3 {(00:34} Red8
{(01:52} 25. axb6 {(01:41} axb6 {(00:13} 26. Bxd7 {
(00:28} Rxd7 {(00:08} 27. Rxb6 {(01:30} Rxc4 {(
00:11} 28. Re2 {(01:08} Ra7 {(02:07} 29. Rb2 {(02:29}
Ra1+ {(02:10} 30. Kg2 {(00:06} Ke7 {(03:16} 31. h4 {
(01:06} Kd6 {(02:05} 32. Rd2 {(05:36} f5 {(06:
17} 33. f3 {(03:50} fxe4 {(04:04} 34. fxe4 {(02:17}
Re1 {(00:22} 35. Rf2 {(00:23} Rc6 {(01:34} 36. Rb5 {
(03:35} Ke6 {(01:52} 37. h5 {(11:27} gxh5 {(01:
55} 38. Rb8 {(05:16} Rxe4 {(01:14} 39. Rbf8 {(01:01}
Kd5 {(01:40} 40. Rd8+ {(00:00} Kc4 {(00:00} 41. Re8 {
(10:24} Kc3 {(04:27} 42. Rb8 {(01:17} h4 {(04:
03} 43. Rb3+ {(00:50} Kc4 {(00:17} 44. Kf3 {(02:00}
hxg3 {(04:37} 45. Kxg3 {(02:44} Rg6+ {(01:13} 46. Kh3 {
(05:25} Re3+ {(01:10} 47. Rxe3 {(02:48} dxe3 {(
00:07} 48. Re2 {(00:18} Kd4 {(00:10} 49. Kh2 {(03:23}
Rg5 {(01:05} 50. Re1 {(02:10} Ke4 {(00:40} 51. c4 {
(01:06} Kd3 {(00:45} 52. c5 {(00:34} Kd2 {(00:
13} 53. Ra1 {(00:22} e2 {(00:13} 54. Ra2+ {(00:11} Ke3
{(00:09} 55. Ra3+ {(00:27} Kf2 {(00:09} 0-1

[Event "42nd Olympiad Baku 2016 Open"]
[Site "Baku"]
[Date "2016.09.02"]
[Round "1.7"]
[White "Sosa Trani, Luis"]
[Black "Zhigalko, Andrey"]
[Result "0-1"]
[ECO "B24"]
[WhiteElo "2051"]
[BlackElo "2591"]
[PlyCount "54"]
[EventDate "2016.??.??"]
[EventCountry "AZE"]
[WhiteTeam "Puerto Rico"]
[BlackTeam "Weißrussland"]
[WhiteTeamCountry "PUR"]
[BlackTeamCountry "BLR"]
[TimeControl "40/5400+30:1800+30"]
[WhiteClock "0:01:01"]
[BlackClock "0:13:17"]

1. e4 {(00:00} c5 {(00:00} 2. Nc3 {(00:00} Nc6 {
(00:03} 3. Bb5 {(00:08} Nd4 {(00:18} 4. Bc4 {(
00:18} Nf6 {(00:53} 5. Nge2 {(01:12} e6 {(07:31} 6.
O-O {(00:08} a6 {(00:14} 7. d3 {(00:33} b5 {(09:
49} 8. Bb3 {(00:16} Nxb3 {(02:10} 9. axb3 {(00:05} Bb7
{(00:07} 10. f4 {(02:38} b4 {(13:40} 11. Na4 {(
18:07} Be7 {(01:34} 12. f5 {(11:05} O-O {(02:41} 13.
Ng3 {(04:45} d6 {(04:49} 14. Kh1 {(12:09} Kh8 {(
03:30} 15. Bg5 {(07:27} Nxe4 {(05:18} 16. Nxe4 {(04:10]
} Bxg5 {(00:07} 17. Qg4 {(04:50} exf5 {(06:23} 18. Qxf5
{(09:16} Be7 {(01:54} 19. d4 {(09:32} cxd4 {(10:
13} 20. Nd2 {(02:52} Bf6 {(03:05} 21. Nc4 {(04:22} Re8
{(03:00} 22. Rae1 {(03:26} Qc7 {(02:52} 23. Na5 {
(02:01} h6 {(04:16} 24. Nxb7 {(02:03} Qxb7 {(00:
06} 25. Qa5 {(00:31} Rab8 {(04:19} 26. Nb6 {(00:34}
Rxe1 {(01:03} 27. Rxe1 {(00:01} Qxb6 {(00:18} 0-1

[Event "42nd Olympiad Baku 2016 Open"]
[Site "Baku"]
[Date "2016.09.02"]
[Round "1.25"]
[White "Stachanczyk, Jacek"]
[Black "Short, Nigel D"]
[Result "0-1"]
[ECO "A25"]
[WhiteElo "2192"]
[BlackElo "2666"]
[PlyCount "76"]
[EventDate "2016.??.??"]
[EventCountry "AZE"]
[WhiteTeam "Polen"]
[BlackTeam "England"]
[WhiteTeamCountry "POL"]
[BlackTeamCountry "ENG"]
[TimeControl "40/5400+30:1800+30"]
[WhiteClock "0:02:46"]
[BlackClock "0:10:16"]

1. c4 {(00:00} e5 {(00:21} 2. g3 {(00:00} d6 {(
00:33} 3. Nc3 {(00:00} Be6 {(00:22} 4. Bg2 {(00:07}
Nc6 {(00:08} 5. d3 {(03:45} Qd7 {(01:13} 6. Nf3 {
(00:39} h6 {(03:49} 7. O-O {(13:05} Nf6 {(10:25]
} 8. e4 {(05:37} Be7 {(06:03} 9. Nd5 {(04:05} O-O {
(00:45} 10. Rb1 {(18:19} a5 {(09:51} 11. b3 {(
04:03} Bd8 {(09:50} 12. Bb2 {(11:25} Bh3 {(03:58} 13.
d4 {(00:27} Bxg2 {(02:12} 14. Kxg2 {(02:21} exd4 {
(00:37} 15. Nxf6+ {(00:09} Bxf6 {(00:10} 16. Nxd4 {
(00:08} Bxd4 {(05:40} 17. Bxd4 {(07:11} Rae8 {(
03:38} 18. Qd3 {(01:17} f5 {(01:05} 19. exf5 {(02:46}
Qxf5 {(04:37} 20. Qxf5 {(03:29} Rxf5 {(00:05} 21. Bc3 {
(03:03} Re2 {(05:21} 22. Rb2 {(00:02} Rxb2 {(00:
09} 23. Bxb2 {(01:23} Nb4 {(00:21} 24. Ra1 {(00:32} b5
{(03:13} 25. cxb5 {(10:41} Rxb5 {(00:25} 26. Bc3 {
(00:46} Kf7 {(01:31} 27. Kf3 {(00:35} Rc5 {(11:
03} 28. Bxb4 {(02:30} axb4 {(00:06} 29. Rd1 {(00:03}
Rc3+ {(03:15} 30. Kg2 {(00:03} Ke6 {(00:40} 31. Rd2 {
(02:26} d5 {(01:55} 32. h4 {(00:37} c5 {(01:01}
33. Re2+ {(02:17} Kd6 {(02:13} 34. Re8 {(00:47} Rc2 {
(00:22} 35. Rg8 {(00:09} Rxa2 {(00:31} 36. Rxg7 {
(00:14} c4 {(00:11} 37. bxc4 {(00:43} dxc4 {(00:
08} 38. Rb7 b3 {(00:57} 0-1

[Event "42nd Olympiad Baku 2016 Open"]
[Site "Baku"]
[Date "2016.09.02"]
[Round "1.16"]
[White "Stefansson, Hannes"]
[Black "Mesfin, Leykun"]
[Result "1-0"]
[ECO "D70"]
[WhiteElo "2574"]
[BlackElo "2129"]
[PlyCount "118"]
[EventDate "2016.??.??"]
[EventCountry "AZE"]
[WhiteTeam "Island"]
[BlackTeam "Äthiopien"]
[WhiteTeamCountry "ISL"]
[BlackTeamCountry "ETH"]
[TimeControl "40/5400+30:1800+30"]
[WhiteClock "0:59:40"]
[BlackClock "0:02:31"]

1. d4 {(00:00} Nf6 {(00:19} 2. c4 {(00:05} g6 {(
00:24} 3. Nf3 {(00:24} Bg7 {(00:11} 4. g3 {(00:24} O-O
{(02:21} 5. Bg2 {(00:22} c5 {(01:00} 6. Nc3 {(
01:33} cxd4 {(05:46} 7. Nxd4 {(00:23} Nc6 {(00:47} 8.
O-O {(00:26} Qb6 {(04:29} 9. Nc2 {(03:49} Ne5 {(
06:32} 10. b3 {(02:45} d6 {(00:52} 11. h3 {(01:02} Bd7
{(02:46} 12. Be3 {(03:27} Qc7 {(06:31} 13. Bd4 {
(10:43} Nc6 {(03:06} 14. Bxf6 {(01:21} exf6 {(
01:34} 15. Nb5 {(00:59} Qb6 {(04:31} 16. Qxd6 {(00:42}
Be6 {(02:13} 17. Rad1 {(04:50} Rfc8 {(13:22} 18. Qf4 {
(02:19} f5 {(02:47} 19. Ncd4 {(02:42} Nxd4 {(05:
25} 20. Nxd4 {(01:30} Bd7 {(03:55} 21. Rd2 {(01:32}
Re8 {(01:21} 22. Rfd1 {(03:20} h5 {(04:40} 23. Bd5 {
(01:29} a5 {(05:05} 24. Qf3 {(03:00} Rab8 {(06:
01} 25. e4 {(01:06} Bh6 {(02:04} 26. Re2 {(03:01} f4 {
(01:40} 27. gxf4 {(01:20} Qf6 {(00:12} 28. e5 {(
05:30} Qxf4 {(01:23} 29. Qxf4 {(00:08} Bxf4 {(00:08}
30. e6 {(00:17} fxe6 {(00:38} 31. Bxe6+ {(00:36} Bxe6 {
(01:21} 32. Nxe6 {(01:37} Bh6 {(00:27} 33. Rd7 {
(00:30} b6 {(01:01} 34. Kf1 {(01:22} Rbc8 {(01:
07} 35. Rd6 {(01:23} Rb8 {(02:17} 36. f4 {(01:39} Kf7
{(04:34} 37. Ng5+ {(00:24} Bxg5 {(00:42} 38. fxg5 {
(00:08} Rxe2 {(00:31} 39. Kxe2 {(00:07} Re8+ {(
00:57} 40. Kf3 {(00:00} Re5 {(00:00} 41. Rf6+ {(04:02}
Kg7 {(04:10} 42. h4 {(00:56} b5 {(01:12} 43. Rf4 {
(00:17} bxc4 {(09:51} 44. Rxc4 {(00:16} Rd5 {(
06:18} 45. Ke3 {(00:38} Kf7 {(02:46} 46. Rf4+ {(00:14}
Kg7 {(00:18} 47. a3 {(03:19} Rd1 {(06:48} 48. Rd4 {
(03:07} Rb1 {(03:21} 49. b4 {(00:35} Rh1 {(01:
24} 50. bxa5 {(04:10} Rh3+ {(00:12} 51. Kd2 {(00:10}
Rxa3 {(00:03} 52. Rd7+ {(00:07} Kg8 {(00:51} 53. Ra7 {
(00:09} Ra4 {(00:15} 54. a6 {(00:11} Rxh4 {(00:
12} 55. Rb7 {(00:08} Ra4 {(02:20} 56. a7 {(02:41} Ra5
{(00:55} 57. Rb8+ {(00:17} Kf7 {(00:02} 58. a8=Q {
(00:12} Rxa8 {(00:59} 59. Rxa8 {(00:06} Ke6 {(
00:02} 1-0

[Event "42nd Olympiad Baku 2016 Open"]
[Site "Baku"]
[Date "2016.09.02"]
[Round "1.2"]
[White "Strugnell, Carl"]
[Black "Tari, Aryan"]
[Result "0-1"]
[ECO "B12"]
[WhiteElo "2239"]
[BlackElo "2570"]
[PlyCount "78"]
[EventDate "2016.??.??"]
[EventCountry "AZE"]
[WhiteTeam "Wales"]
[BlackTeam "Norwegen"]
[WhiteTeamCountry "WLS"]
[BlackTeamCountry "NOR"]
[TimeControl "40/5400+30:1800+30"]
[WhiteClock "0:00:46"]
[BlackClock "0:15:50"]

1. e4 {(00:00} c6 {(00:00} 2. d4 {(00:00} d5 {(
00:00} 3. e5 {(00:00} Bf5 {(00:08} 4. Nf3 {(00:00} e6
{(00:07} 5. Be2 {(00:04} Ne7 {(00:12} 6. O-O {(
00:23} h6 {(00:21} 7. Nbd2 {(01:04} Nd7 {(00:17} 8.
Nb3 {(00:13} g5 {(00:08} 9. a4 {(00:50} a5 {(00:
10} 10. Ne1 {(01:07} Qc7 {(13:49} 11. c4 {(07:27} Bg7
{(04:06} 12. cxd5 {(05:37} Nxd5 {(01:52} 13. Bd3 {
(00:47} O-O {(17:02} 14. Bxf5 {(07:01} exf5 {(
01:58} 15. f4 {(01:03} Rae8 {(08:47} 16. fxg5 {(13:32}
hxg5 {(00:06} 17. Nf3 {(05:24} f6 {(02:27} 18. exf6 {
(01:06} N7xf6 {(00:44} 19. Bxg5 {(19:56} Ne4 {(
02:07} 20. Bd2 {(05:00} b6 {(03:43} 21. Rc1 {(02:48}
Re6 {(02:47} 22. Nh4 {(02:47} Nxd2 {(01:30} 23. Qxd2 {
(01:06} Bh6 {(00:17} 24. Qd3 {(04:58} Bxc1 {(02:
26} 25. Rxc1 {(04:08} Qf4 {(06:13} 26. g3 {(02:12} Qe4
{(01:14} 27. Qf3 {(05:18} Rfe8 {(01:17} 28. Rf1 {
(03:00} Qe3+ {(02:31} 29. Qxe3 {(00:46} Rxe3 {(
01:00} 30. Nd2 {(00:46} Re2 {(03:39} 31. Nhf3 {(01:17}
f4 {(01:46} 32. Rc1 {(00:55} fxg3 {(00:33} 33. hxg3 {
(00:13} R8e6 {(00:47} 34. Kf1 {(00:19} R2e3 {(
00:50} 35. Kg2 {(03:17} Nb4 {(02:03} 36. Kh3 {(01:35}
Rd3 {(02:42} 37. Rf1 {(01:03} Rf6 {(03:41} 38. g4 {
(01:10} Nc2 {(00:13} 39. g5 {(00:32} Rf8 {(00:
07} 0-1